[Event "Late-Titled-Tuesday-Blitz-February-13-2024"]
[Site "Chess.com"]
[Date "2024.02.13"]
[Round "6"]
[White "MoreChessJulia"]
[Black "effefe"]
[Result "0-1"]
[WhiteElo "2080"]
[BlackElo "2290"]
[TimeControl "180+1"]
[EndTime "15:07:58 PST"]
[Termination "effefe won by resignation"]

1. d4 Nf6 2. c4 g6 3. f3 Bg7 4. e4 d6 5. Nc3 O-O 6. Bg5 e5 7.
dxe5 dxe5 8. Qxd8 Rxd8 9. Bxf6 Bxf6 10. Nd5 Bg7 11. Nxc7 Na6 12. Nxa8 Be6 13. Rd1 Rxa8 14. a3 Nc5 15. b4 Nb3 16. Bd3 Rc8 17. c5 Bh6 18. Ne2 Be3 19. Nc3 b6 20. Na4 Bd7 21. Nb2 bxc5 22. bxc5 Nxc5 23. Ke2 Bd4 24. Rb1 Be6 25.
Bc4 Bxc4+ 26. Nxc4 Nxe4 27. fxe4 Rxc4 28. Rhc1 Ra4 29.
Rc8+ Kg7 30. Rb3 Bb6 31. Kf3 Rd4 32. Rbc3 Rd1 33. R8c4 h5 34. Ke2 Rg1 35. Rg3 h4 36. Rg4 Bd8 37. Rc8 Bf6 38. Kf2 Ra1 39. Rc3 Ra2+ 40.
Ke3 Kh6 41. g3 h3 42. Kd3 Rxh2 43. Rc6 Kg7 44. Rc7 a5 45. Ra7 Bd8 46. Ra8 Bb6 47. Rh4 Rh1 48. Rhh8 h2 49. Rag8+ Kf6 50. Rh3 Rd1+ 51.
Ke2 h1=Q 52. Rxh1 Rxh1 53. Rb8 Bd4 54. Rb5 Bc3 55. Kd3 Rc1 56. Rb6+ Kg5 57. Rb7 f5 58. exf5 gxf5 59. Rg7+ Kf6 60. Rc7 e4+ 61. Ke2 Bb2 62.
Rxc1 Bxc1 63. a4 Kg5 64. Kf2 Kg4 65. Kg2 Be3 66. Kh2 Kf3 67. Kh3 Bc1 68. Kh4 e3 0-1

[Event "Late-Titled-Tuesday-Blitz-February-13-2024"]
[Site "Chess.com"]
[Date "2024.02.13"]
[Round "6"]
[White "SchmakAttack"]
[Black "Fandorine"]
[Result "1-0"]
[WhiteElo "2807"]
[BlackElo "2942"]
[TimeControl "180+1"]
[EndTime "15:08:00 PST"]
[Termination "SchmakAttack won by resignation"]

1. e4 e5 2. Nf3 Nc6 3. Nc3 Nf6 4. Nd5 Bd6 5. Bc4 Na5 6. Bd3 Nc6 7. O-O Be7 8. Re1 d6 9. Bc4 O-O 10. a4 Bg4 11. c3 Kh8 12. h3 Bh5 13. a5 a6 14.
d3 Qd7 15. Nxf6 Bxf6 16. g4 Bg6 17. b4 Nd8 18. d4 Qe8 19. dxe5 Bxe5 20. Nxe5 dxe5 21.
Be3 Ne6 22. f3 f6 23. Qb3 Bf7 24. Rad1 Rd8 25. Rxd8 Nxd8 26. Rd1 Bxc4 27. Qxc4 Ne6 28.
Kf2 h6 29. Rd5 Qa4 30. Rd2 Re8 31. h4 Qa1 32. Kg2 Qe1 33. Qe2 Qxh4 34. Qf2 Qxf2+ 35.
Kxf2 Rd8 36. Rxd8+ Nxd8 37. Ke2 Kh7 38. Kd3 c6 39. c4 Ne6 40. Kc3 g6 41. b5 h5 42.
bxa6 bxa6 43. gxh5 gxh5 44. Kd3 Kg6 45. Ke2 h4 46.
Kf2 Kh5 47. Bd2 Nd4 48. Bb4 Nb3 49. Be7 Kg5 50. Bd8 Nd2 51. c5 Nb3 52. Bb6 Nd4 53.
Bd8 Ne6 54. Be7 Nf4 55. Bd8 Kg6 56. Be7 f5 57. exf5+ Kxf5 58. Bxh4 Nd3+ 59. Ke3 Nxc5 60. Bd8 Nb7 61. Bc7 Nd6 62. Bxd6 1-0

[Event "Late-Titled-Tuesday-Blitz-February-13-2024"]
[Site "Chess.com"]
[Date "2024.02.13"]
[Round "6"]
[White "N_I_Chess"]
[Black "BozeKat"]
[Result "0-1"]
[WhiteElo "2280"]
[BlackElo "2053"]
[TimeControl "180+1"]
[EndTime "15:08:03 PST"]
[Termination "BozeKat won by resignation"]

1. d4 d5 2. c4 e6 3. Nc3 Nf6 4. cxd5 exd5 5. Bg5 Be7 6. e3 O-O 7. Bd3 c6 8. Qc2 Nbd7 9. Nge2 Re8 10. O-O Ne4 11.
Bxe7 Qxe7 12. Rae1 Ndf6 13. f3 Nxc3 14. Nxc3 Qb4 15.
a3 Qb6 16. Qf2 c5 17. Na4 Qa5 18. Nxc5 b6 19. b4 Qxa3 20. Ra1 Qxb4 21. Rfb1 bxc5 22. Rxb4 cxb4 23. Ra5 Be6 24. Qa2 Rec8 25. Rxa7 Rab8 26. Qb2 Rc3 27. Bb1 g6 28. Kf2 Nd7 29. Ra5 Nf6 30. Ra4 Rc4 31. Bd3 Bd7 32. Bxc4 Bxa4 33. Bb3 Bb5 34. Qa2 Bc6 35. g4 Nd7 36. Bxd5 Bxd5 37. Qxd5 b3 38. Qe4 b2 39. Qb1 Nf6 40.
e4 Ne8 41. Ke3 Nd6 42. Kd3 Rb3+ 43. Kc2 Rb4 44. d5 Nb5 45. d6 Na3+ 46. Kc3 Nxb1+ 47. Kxb4 Nd2 48. d7 b1=Q+ 49. Kc3 Qb8 50. Kxd2 Qd8 51.
Ke3 Qxd7 52. Kf2 Kg7 53. Kg3 Qd6+ 54. e5 Qxe5+ 55. Kh3 Qf4 56. Kg2 h5 57. gxh5 gxh5 58. h4 Qxh4 59. f4 Qxf4 0-1

[Event "Late-Titled-Tuesday-Blitz-February-13-2024"]
[Site "Chess.com"]
[Date "2024.02.13"]
[Round "6"]
[White "TigrVShlyape"]
[Black "VladimirKramnik"]
[Result "1/2-1/2"]
[WhiteElo "2870"]
[BlackElo "2936"]
[TimeControl "180+1"]
[EndTime "15:08:04 PST"]
[Termination "Game drawn by repetition"]

1. d4 d5 2. Bf4 c5 3. e3 Nc6 4.
c3 Nf6 5. Nd2 Bf5 6. Qb3 Na5 7.
Qa4+ Bd7 8. Qc2 cxd4 9. exd4 Rc8 10. Ngf3 e6 11. Ne5 Nc6 12. Qb3 Nxe5 13. Bxe5 Bc6 14. Bd3 Be7 15. O-O O-O 16. Rae1 Qa5 17. a3 Nd7 18. Bg3 g6 19. Nf3 a6 20. h4 Bb5 21.
Bxb5 Qxb5 22. Qxb5 axb5 23. Ne5 Nb6 24. Nd3 h5 25. f3 Nc4 26. Re2 Bf6 27. Kh2 Be7 28.
Kh3 Rfe8 29. Bf4 Bd6 30. Bg5 Be7 31. Bxe7 Rxe7 32. g4 hxg4+ 33. fxg4 Kg7 34. Nf4 Ree8 35. g5 Nd6 36. Kg4 Nf5 37. h5 gxh5+ 38. Nxh5+ Kg6 39.
Nf4+ Kg7 40. Nh5+ Kg6 41. Rh1 Rh8 42. Nf4+ Kg7 43. Reh2 Rxh2 44. Rxh2 Ne3+ 45. Kf3 Nf5 46. Kg4 Ne3+ 47. Kf3 Nf5 48. Nd3 Nd6 49. Ne5 Nc4 50.
Kf4 Nxe5 51. Kxe5 Rc6 52. Rh6 Ra6 53. Rf6 Rc6 54. Rf2 Ra6 55. Rh2 Ra8 56. Rh6 Ra6 57. Rh2 Rc6 58. Rh6 Ra6 1/2-1/2

[Event "Late-Titled-Tuesday-Blitz-February-13-2024"]
[Site "Chess.com"]
[Date "2024.02.13"]
[Round "6"]
[White "JackRodgers"]
[Black "dawid498"]
[Result "0-1"]
[WhiteElo "2515"]
[BlackElo "2695"]
[TimeControl "180+1"]
[EndTime "15:08:04 PST"]
[Termination "dawid498 won by resignation"]

1. d4 g6 2. h4 h6 3. h5 g5 4. e4 Bg7 5. c3 d5 6. e5 c5 7. f4 gxf4 8. Nf3 Nc6 9. Bb5 Qb6 10.
a4 a6 11. Bxc6+ Qxc6 12. Bxf4 Bf5 13. Nbd2 e6 14. Nh4 Ne7 15. Nxf5 Nxf5 16. g4 Ne7 17.
Nf3 O-O-O 18. a5 cxd4 19. cxd4 Kb8 20. O-O Rc8 21. Bd2 Qb5 22. Bc3 Rhg8 23. Nh2 Rcf8 24. Ra3 f5 25. Rb3 Qd7 26. Qe2 fxg4 27. Rxf8+ Bxf8 28.
Qxa6 g3 29. Nf1 g2 30. Ne3 Nc8 31. Qe2 Be7 32. a6 b6 33. Bb4 Bxb4 34. Rxb4 Qc7 35. Nxg2 Qc1+ 36. Kh2 Qg5 37. Qf3 Rg7 38. a7+ Nxa7 39.
Rb3 Kb7 40. Rc3 Nc8 41. Ra3 Na7 42. Rc3 Qe7 43. Qd3 Rf7 44. Qc2 Qd7 45. Rg3 Rf8 46.
Qg6 Rc8 47. Qxh6 Rc7 48. Qg6 Nc6 49. h6 Nxd4 50. h7 Qxh7+ 51. Qxh7 Rxh7+ 52. Kg1 Ne2+ 53. Kf2 Nxg3 54. Kxg3 Rg7+ 55. Kf3 Rf7+ 56. Ke3 Kc6 57. Nf4 Rxf4 58. Kxf4 Kc5 59. Kg5 d4 60. Kf6 Kd5 0-1

[Event "Late-Titled-Tuesday-Blitz-February-13-2024"]
[Site "Chess.com"]
[Date "2024.02.13"]
[Round "6"]
[White "ArtemDyachuk"]
[Black "krzyzan94"]
[Result "1-0"]
[WhiteElo "2633"]
[BlackElo "2777"]
[TimeControl "180+1"]
[EndTime "15:08:07 PST"]
[Termination "ArtemDyachuk won on time"]

1. c4 e5 2. g3 Nf6 3. Bg2 d5 4. cxd5 Nxd5 5. Nc3 Nb6 6. Nf3 Nc6 7. O-O Be7 8. b3 O-O 9. Bb2 f5 10. d3 Bf6 11. Nd2 Be6 12. Rc1 Qd7 13. Nc4 Rad8 14.
Bxc6 bxc6 15. Qc2 Nxc4 16. dxc4 Qf7 17. Rfd1 h5 18. Rxd8 Rxd8 19. Rd1 Rf8 20. Ba3 Re8 21. Bc5 a6 22. h4 g5 23. hxg5 Bxg5 24. e3 h4 25.
gxh4 Bxh4 26. Kf1 e4 27. Ne2 Bg5 28. Ke1 Qh7 29. Kd2 Kf7 30. Kc1 Qh2 31. Nd4 Rd8 32.
f4 Qxc2+ 33. Kxc2 Bf6 34. Nxc6 Rh8 35. Ne5+ Bxe5 36. fxe5 Rh2+ 37. Kc3 Rxa2 38. Rd8 Kg6 39. Rf8 Bf7 40. Be7 Re2 41. e6 Rxe3+ 42. Kd4 Rd3+ 43. Ke5 Bxe6 44. Kxe6 e3 45. Rg8+ Kh7 46. Kf7 e2 47. Rg2 Rh3 48. Rxe2 f4 49. Rf2 f3 50. Bf6 Kh6 51.
Ke6 Kh5 52. Be5 Kg4 53. Bxc7 Rh6+ 54. Kd5 Rh7 55. Be5 Rb7 56. c5 Rxb3 57. c6 Rb5+ 58.
Kd6 Rb1 59. c7 Rd1+ 60. Ke6 Rc1 61. Rd2 1-0

[Event "Late-Titled-Tuesday-Blitz-February-13-2024"]
[Site "Chess.com"]
[Date "2024.02.13"]
[Round "6"]
[White "KarolKacprzak"]
[Black "kuli4ik"]
[Result "1-0"]
[WhiteElo "2740"]
[BlackElo "2850"]
[TimeControl "180+1"]
[EndTime "15:08:09 PST"]
[Termination "KarolKacprzak won by resignation"]

1. e4 g6 2. d4 Bg7 3. Nf3 d6 4. Nc3 a6 5. a4 Nf6 6. Be2 O-O 7. O-O Nc6 8. h3 e5 9. dxe5 dxe5 10. Be3 Be6 11. Ng5 Qe7 12. Nxe6 fxe6 13. Bc4 Nh5 14. Qg4 Rae8 15. g3 Nf6 16. Qh4 Rd8 17. Rad1 Rxd1 18. Rxd1 Rd8 19. Rxd8+ Nxd8 20. g4 Nf7 21. g5 Ne8 22. Qg4 Nd8 23. h4 Qf7 24. a5 Bf8 25. Na4 Ng7 26. Qd1 Qe8 27. b3 Nc6 28.
Qd2 Nh5 29. Nb2 Bd6 30. Nd3 Qe7 31. Kg2 Kf7 32. Qc3 Ke8 33. Bxa6 Nxa5 34. Qxa5 bxa6 35. Qxa6 Kf7 36. c4 Nf4+ 37. Bxf4 exf4 38. Qc6 Ba3 39. Kf3 Qd8 40. Ne5+ Ke7 41. Ke2 Bd6 42. Nd3 f3+ 43. Ke3 Bh2 44. e5 Qb8 45. b4 Qa7+ 46. Qc5+ Qxc5+ 47. bxc5 Kd7 48. Kxf3 Kc6 49. Ke4 Bg1 50. Kf3 Bh2 51.
Kg2 Bxe5 52. Nxe5+ Kxc5 53. f4 Kd4 54. Kf3 c5 55.
Ng4 Kxc4 56. Nf6 Kd4 57. Nxh7 c4 58. Ke2 Kc3 59. Nf6 Kb2 60. Ne4 c3 61. Nxc3 Kb3 62.
h5 gxh5 63. g6 Kxc3 64. g7 h4 65. g8=Q h3 66. Qg3+ 1-0

[Event "Late-Titled-Tuesday-Blitz-February-13-2024"]
[Site "Chess.com"]
[Date "2024.02.13"]
[Round "6"]
[White "dropstoneDP"]
[Black "LiamPutnam2008"]
[Result "1-0"]
[WhiteElo "3045"]
[BlackElo "2849"]
[TimeControl "180+1"]
[EndTime "15:08:11 PST"]
[Termination "dropstoneDP won by resignation"]

1. e4 c5 2. Nf3 d6 3. d4 cxd4 4. Nxd4 Nf6 5. Nc3 a6 6. Bd3 e5 7.
Nde2 Be7 8. O-O O-O 9. Ng3 Be6 10. Nd5 Bxd5 11. exd5 Re8 12. a4 Nbd7 13. a5 g6 14. c4 Bf8 15. b4 Rc8 16. Be3 Bg7 17. Rc1 h5 18. h3 e4 19. Bb1 Ne5 20. c5 dxc5 21.
Bxc5 Nd3 22. Bxd3 exd3 23. Qxd3 Qxd5 24. Rfd1 Qxd3 25. Rxd3 h4 26. Nf1 Bh6 27. Rcd1 Ne4 28. Bd4 Bf8 29. Ne3 Red8 30. Ng4 f5 31. Ne5 Kh7 32.
Be3 Rxd3 33. Rxd3 Rc7 34. f3 Ng3 35. Nd7 Bxb4 36. Nf6+ Kh8 37. Rd8+ Bf8 38. Rxf8+ Kg7 39. Ne8+ Kxf8 40. Nxc7 Ke7 41. Nd5+ Kd6 42. Nf4 g5 43. Nd3 f4 44. Bb6 Kd5 45. Kf2 Nf5 46. Nc5 Nd6 47. Ne4 Nf7 48. Ke2 Kc4 49. Bc7 Kd5 50. Kd3 Kc6 51.
Bb6 Ne5+ 52. Kd4 Nf7 53. Kc4 Ne5+ 54. Kc3 Nf7 55. Kd4 Kd7 56. Kd5 Nh6 57. Nxg5 Nf5 58.
Ke5 Nd6 59. Kxf4 Nc4 60. Ne4 Ke6 61. Nc5+ Kd5 62. Nxb7 Nxb6 63. axb6 Kc6 64. Na5+ Kxb6 65. Nb3 Kb5 66. Ke4 Kc4 67. Na5+ Kb5 68. f4 Kxa5 69. f5 Kb6 70. f6 Kc6 71. f7 1-0

[Event "Late-Titled-Tuesday-Blitz-February-13-2024"]
[Site "Chess.com"]
[Date "2024.02.13"]
[Round "6"]
[White "KetiTsatsalashvili"]
[Black "dennisodessa"]
[Result "0-1"]
[WhiteElo "2458"]
[BlackElo "2584"]
[TimeControl "180+1"]
[EndTime "15:08:11 PST"]
[Termination "dennisodessa won by checkmate"]

1. d4 Nf6 2. Nf3 e6 3. e3 b6 4. Bd3 Bb7 5. Nbd2 c5 6. b3 d5 7. O-O Nbd7 8. Bb2 Be7 9. Ne5 O-O 10. f4 Ne4 11. Nxe4 dxe4 12. Bc4 Nf6 13. Qe2 Qc7 14.
Rad1 a6 15. a4 Nd5 16. Rfe1 Rfd8 17. Qg4 Bf6 18. f5 Nxe3 19. Rxe3 cxd4 20. fxe6 Qxe5 21. exf7+ Kh8 22. Rh3 Bc8 23. Qg3 Bxh3 24. Qxh3 Qe7 25. Re1 b5 26. Bd3 Qxf7 27. Bxe4 g6 28. Bxa8 Rxa8 29. Qd3 Rd8 30. Rf1 Qg7 31. Rd1 bxa4 32. bxa4 Qb7 33. Ba1 Bg7 34. h3 Qc6 35. Kh1 Qxa4 36.
Bb2 Qb5 37. Ba1 Qxd3 38. Rxd3 Kg8 39. Ra3 Rd6 40. Rd3 Kf7 41. c3 Ke6 42. cxd4 Kd5 43. Rd1 Kc4 44. Rc1+ Kb3 45. Rc8 Bxd4 46. Bxd4 Rxd4 47.
Rc7 a5 48. Rxh7 a4 49. Rg7 a3 50. Rb7+ Rb4 51. Ra7 a2 52. Rxa2 Kxa2 53. Kh2 Kb3 54. g4 Kc4 55. Kg3 Kd5 56. Kh4 Rb3 57. Kg5 Rxh3 58. Kxg6 Ke6 59. g5 Rg3 60. Kh6 Kf7 61. Kh5 Kg7 62. Kh4 Ra3 63. Kh5 Ra5 64. Kh4 Kg6 65. Kh3 Rxg5 66. Kh2 Kf5 67. Kh1 Kf4 68. Kh2 Kf3 69. Kh1 Kf2 70. Kh2 Rh5# 0-1

[Event "Late-Titled-Tuesday-Blitz-February-13-2024"]
[Site "Chess.com"]
[Date "2024.02.13"]
[Round "6"]
[White "Zampronha1971"]
[Black "GoltsevDmitry2000"]
[Result "0-1"]
[WhiteElo "2361"]
[BlackElo "2784"]
[TimeControl "180+1"]
[EndTime "15:08:12 PST"]
[Termination "GoltsevDmitry2000 won on time"]

1. e4 e6 2. d4 d5 3. Nc3 c5 4.
exd5 exd5 5. Nf3 Nf6 6. Be2 Nc6 7. O-O Bd6 8. dxc5 Bxc5 9. Bg5 O-O 10. Bxf6 Qxf6 11.
Qxd5 Bb6 12. Qg5 Qxg5 13. Nxg5 Nb4 14. Rac1 Bf5 15. Bd1 Rad8 16. a3 Nd5 17. Nxd5 Rxd5 18. Bf3 Rd2 19. Bxb7 Re8 20. Nf3 Rxc2 21. Rxc2 Bxc2 22.
Ba6 Ba4 23. Re1 Rd8 24. Rc1 Be8 25. g3 h6 26. Rc8 Rxc8 27. Bxc8 Bc6 28. Ne5 Bd5 29.
b4 Bd4 30. Nd3 Bc4 31. Nc5 Bb2 32. a4 Ba3 33. Ba6 Bd5 34. Nd3 Bb3 35. Bb5 Bc2 36. Kf1 Kf8 37. Ke2 Ke7 38. Kd2 Bxd3 39. Kxd3 Bxb4 40. Ke4 g6 41. f4 Kd6 42. Be8 Ke6 43. Kf3 Bc5 44. Bb5 h5 45. Bc4+ Kf6 46. Bb3 Ke7 47. h3 f6 48. g4 h4 49. Bc2 g5 50. fxg5 fxg5 51. Ke4 Kd6 52. Kf5 Be3 53. Be4 Bf4 54. Bd3 Kd5 55. Be4+ Kd4 56. Bc6 Ke3 57. Bb5 Kf2 58. Ke4 Kg2 59. Bd7 Kxh3 60. Kf3 Kh2 61. Bc6 Kg1 0-1

[Event "Late-Titled-Tuesday-Blitz-February-13-2024"]
[Site "Chess.com"]
[Date "2024.02.13"]
[Round "6"]
[White "Nouali_Mohamed"]
[Black "CRObliterator"]
[Result "1-0"]
[WhiteElo "2564"]
[BlackElo "2380"]
[TimeControl "180+1"]
[EndTime "15:08:13 PST"]
[Termination "Nouali_Mohamed won by checkmate"]

1. e4 d5 2. exd5 Qxd5 3. Nc3 Qd6 4. Bc4 Nf6 5. Nf3 a6 6. O-O b5 7. Bb3 Bb7 8. d4 e6 9. Bg5 Nbd7 10. Qe2 Be7 11. Ne5 h6 12. Bf4 Nxe5 13. Bxe5 Qc6 14. f4 O-O 15. f5 exf5 16. Rxf5 Nd7 17. Nd5 Bd6 18. Qg4 Nxe5 19. dxe5 Qc5+ 20. Kh1 Bxd5 21. exd6 c6 22. Rd1 Qxd6 23. Bxd5 cxd5 24. Rfxd5 Qf6 25. c3 Rad8 26. Qh5 g6 27. Qf3 Qxf3 28. gxf3 Rxd5 29.
Rxd5 Re8 30. Rd2 Kg7 31. Kg2 Re6 32. Kf2 Kf6 33. Rd4 Ke7 34. a4 bxa4 35. Rxa4 Rb6 36.
b4 f5 37. Ke3 Kd6 38. Kd4 g5 39. c4 Rc6 40. c5+ Ke6 41. Ra1 g4 42. Re1+ Kf6 43.
Kd5 Rc8 44. f4 Rd8+ 45. Kc4 Rc8 46. Rd1 h5 47. Rd6+ Kf7 48. Rxa6 h4 49. b5 g3 50. hxg3 hxg3 51. Ra7+ Kg6 52. Ra2 Kh5 53. c6 Kg4 54.
Kc5 Kxf4 55. b6 Kf3 56. b7 Re8 57. c7 Re2 58. Rxe2 Kxe2 59. b8=Q g2 60. Qb2+ Kf1 61.
Qc1+ Kf2 62. c8=Q g1=Q 63. Qxf5+ Ke2+ 64. Qxg1 Kd2 65. Qff2+ Kd3 66. Qd4+ Kc2 67. Qgd1# 1-0

[Event "Late-Titled-Tuesday-Blitz-February-13-2024"]
[Site "Chess.com"]
[Date "2024.02.13"]
[Round "6"]
[White "ProfessorChess101"]
[Black "Hrant_ChessMood"]
[Result "1/2-1/2"]
[WhiteElo "2795"]
[BlackElo "2947"]
[TimeControl "180+1"]
[EndTime "15:08:17 PST"]
[Termination "Game drawn - insufficient material"]

1. d4 d5 2. c4 e6 3. Nf3 Nf6 4. Bg5 dxc4 5. Nc3 c5 6. e3 cxd4 7. Nxd4 Qa5 8. Bxf6 gxf6 9. Bxc4 Bb4 10. O-O Bxc3 11. bxc3 Bd7 12. Qf3 Nc6 13. Qxf6 Qe5 14. Qxe5 Nxe5 15. Be2 Rc8 16. Rfc1 Ke7 17. c4 Rc7 18.
Rab1 b6 19. Rc3 Rhc8 20. Rbc1 f6 21. f3 Nf7 22. Nb3 Ba4 23. c5 Ne5 24. Ba6 Rb8 25. cxb6 Rxc3 26. Rxc3 Rxb6 27. Rc7+ Kd6 28. Rxa7 Bxb3 29.
axb3 Rxb3 30. Rxh7 Rxe3 31. h4 Ra3 32. Bb5 Rb3 33.
Bf1 Rb1 34. Kf2 Rb2+ 35. Kg3 Rb1 36. Ba6 Rb6 37. Bb7 Nc4 38. h5 Ne3 39. Kf2 Nf5 40.
Be4 Rb2+ 41. Kg1 Ng3 42. h6 Nxe4 43. fxe4 Rb8 44. Rg7 Ke5 45. h7 Rh8 46. Rf7 Kxe4 47. Rxf6 e5 48. Rf7 Kd3 49. Rd7+ Ke3 50. g4 Kf4 51.
Re7 Kxg4 52. Rxe5 Rxh7 53. Re2 Kf3 54. Rf2+ Ke3 55. Rh2 Ra7 56. Rb2 Kf3 57. Rb3+ Ke4 58. Rb4+ Kd3 59. Rb3+ Kc4 60. Rf3 Kd4 61. Rf4+ Ke3 62.
Rf8 Rg7+ 63. Kf1 Rg6 64. Re8+ Kf4 65. Rf8+ Ke5 66. Re8+ Re6 67. Rxe6+ Kxe6 1/2-1/2

[Event "Late-Titled-Tuesday-Blitz-February-13-2024"]
[Site "Chess.com"]
[Date "2024.02.13"]
[Round "6"]
[White "The_Straightforward_Rook"]
[Black "reevecanada"]
[Result "1-0"]
[WhiteElo "2455"]
[BlackElo "2563"]
[TimeControl "180+1"]
[EndTime "15:08:20 PST"]
[Termination "The_Straightforward_Rook won by checkmate"]

1. Nf3 d5 2. d4 c5 3. c3 cxd4 4. cxd4 Nf6 5. Nc3 g6 6. Bf4 Bg7 7. h3 O-O 8. e3 Nc6 9. Bd3 b6 10. O-O Bb7 11. Rc1 Rc8 12. a3 a6 13. Qe2 b5 14. Rc2 Na5 15. Ne5 Nd7 16. Nxd7 Qxd7 17. a4 b4 18. Nb1 Rxc2 19. Qxc2 Rc8 20. Qe2 Rc6 21. Nd2 Rb6 22. Rc1 Qxa4 23. Bc7 Rc6 24. Qe1 Rxc1 25. Qxc1 Qc6 26. Qxc6 Nxc6 27. Nb3 Bc8 28.
Na5 Nxa5 29. Bxa5 e5 30. Bb6 exd4 31. exd4 Bf8 32. Kf1 Bd6 33. Ke2 Kf8 34. Kd2 Ke7 35. Kc2 Kd7 36. Kb3 Kc6 37. Ba5 Bb7 38. Bxb4 Bxb4 39. Kxb4 Kb6 40. f4 a5+ 41. Kc3 Ba6 42. Bxa6 Kxa6 43. g4 Kb5 44. Kb3 a4+ 45. Ka3 Ka5 46. b3 axb3 47. Kxb3 Kb5 48. g5 Ka5 49. Ka3 Kb5 50. Kb3 Kc6 51. Ka4 Kb6 52. Kb4 Kc6 53. Ka5 Kd6 54. Kb5 Ke6 55. Kc5 Kf5 56.
Kxd5 Kxf4 57. Kc6 Kxg5 58. d5 f5 59. d6 f4 60. d7 Kh4 61. d8=Q+ Kxh3 62. Qf8 Kg3 63.
Kd5 g5 64. Ke4 h5 65. Qf5 Kh4 66. Kf3 g4+ 67. Kxf4 g3 68. Qg5+ Kh3 69. Qxg3# 1-0

[Event "Late-Titled-Tuesday-Blitz-February-13-2024"]
[Site "Chess.com"]
[Date "2024.02.13"]
[Round "6"]
[White "cande_francisco"]
[Black "MajorCoast"]
[Result "1-0"]
[WhiteElo "2486"]
[BlackElo "2220"]
[TimeControl "180+1"]
[EndTime "15:08:21 PST"]
[Termination "cande_francisco won on time"]

1. e4 c5 2. Nf3 e6 3. d4 cxd4 4. Nxd4 Nf6 5. Bd3 Nc6 6. Nxc6 bxc6 7. O-O d5 8. Qe2 Be7 9. c4 O-O 10. e5 Nd7 11. b3 d4 12. Qe4 g6 13. Qxd4 Nxe5 14. Qxd8 Rxd8 15. Bc2 Bf6 16. Nc3 Nf3+ 17. gxf3 Bxc3 18. Rb1 c5 19. Be4 Rb8 20. Bf4 e5 21.
Bg5 Rd4 22. Rfd1 Bb7 23. Be3 Rxd1+ 24. Rxd1 Bd4 25. Bg5 Bxe4 26. fxe4 Rb6 27. Kg2 f6 28. Bc1 Ra6 29. Rd2 Kf7 30. Rc2 Ke6 31. f4 Rb6 32.
Kf3 Rb8 33. Bd2 h5 34. Bc1 a6 35. Bd2 Rg8 36. h4 Rf8 37. Bc1 g5 38. f5+ Ke7 39.
hxg5 fxg5 40. Bxg5+ Kf7 41. Rg2 Rg8 42. Bh6 Rh8 43. Rg6 a5 44. Kg3 Bc3 45. Kh4 Bd4 46. Kxh5 Be3 47. Ra6 Bxh6 48. Rxh6 Ra8 49. Rh7+ Kf6 50.
Rh6+ Kf7 51. Kg5 a4 52. Rh7+ Kg8 53. Rb7 axb3 54. axb3 Ra1 55. Kg6 Rg1+ 56. Kf6 Rh1 57. Rb8+ Kh7 58. Kxe5 Rd1 59. Rb5 Rd8 60. Rxc5 Re8+ 61. Kf4 Kg7 62. Rb5 Rd8 63. e5 Rd3 64. Kg5 Rd4 65. Rb7+ Kf8 66. Kf6 Rd8 67. e6 Ke8 68.
Rh7 1-0

[Event "Late-Titled-Tuesday-Blitz-February-13-2024"]
[Site "Chess.com"]
[Date "2024.02.13"]
[Round "6"]
[White "Witik"]
[Black "laskakid"]
[Result "1-0"]
[WhiteElo "2662"]
[BlackElo "2414"]
[TimeControl "180+1"]
[EndTime "15:08:22 PST"]
[Termination "Witik won by checkmate"]

1. d4 d5 2. c4 e6 3. Nc3 c6 4. Qb3 dxc4 5. Qxc4 Nf6 6. Nf3 b5 7.
Qd3 a6 8. e4 c5 9. dxc5 Bxc5 10. Qxd8+ Kxd8 11. e5 Nfd7 12. Bd3 Nc6 13. Bf4 Ke7 14.
Be4 Bb7 15. O-O-O h6 16. Rd2 Rhd8 17. Rhd1 Nb6 18. Rxd8 Rxd8 19. Rxd8 Kxd8 20. Nd1 Nc4 21. b3 Nb6 22. Be3 Nd7 23. Bxc5 Nxc5 24. Bxc6 Bxc6 25.
Ne1 Kc7 26. Kd2 a5 27. Ke3 Bd5 28. Nc3 Kc6 29. f3 b4 30. Nxd5 Kxd5 31. f4 a4 32. Nc2 axb3 33. axb3 Nxb3 34. Nxb4+ Kc5 35. Nd3+ Kc4 36.
Nb2+ Kc3 37. Na4+ Kb4 38. Nb2 Nc5 39. Kd4 Kb5 40. Nc4 Nb3+ 41. Kc3 Nc5 42. Nd6+ Kc6 43. Nxf7 Kd5 44. g3 Ke4 45. Kc4 Nd7 46. Nd8 Kf5 47.
Kb5 g5 48. Kc6 gxf4 49. gxf4 Nf8 50. Kd6 h5 51. h4 Ng6 52. Nxe6 Nxh4 53. Ng7+ Kg6 54.
Ne6 Nf5+ 55. Kd7 h4 56. Ng5 Nd4 57. e6 Kf5 58. e7 Kxf4 59. Nh3+ Kg3 60. e8=Q Kxh3 61.
Qe3+ Kg4 62. Qxd4+ Kg3 63. Qg1+ Kf3 64. Qh1+ Kg3 65. Ke6 h3 66. Kf5 h2 67. Kg5 Kh3 68. Kf4 Kh4 69. Qxh2# 1-0

[Event "Late-Titled-Tuesday-Blitz-February-13-2024"]
[Site "Chess.com"]
[Date "2024.02.13"]
[Round "6"]
[White "Mops_2004"]
[Black "Lion-Al-Messi"]
[Result "1-0"]
[WhiteElo "2767"]
[BlackElo "2564"]
[TimeControl "180+1"]
[EndTime "15:08:23 PST"]
[Termination "Mops_2004 won on time"]

1. e4 e6 2. d4 d5 3. e5 c5 4. c3 Nc6 5. Nf3 Qb6 6. a3 Nh6 7. b4 cxd4 8. cxd4 Nf5 9. Bb2 Bd7 10. Be2 Be7 11. O-O O-O 12. Bd3 Kh8 13. Bxf5 exf5 14. Nc3 Be6 15. Na4 Qc7 16. Rc1 Rac8 17. b5 Qa5 18.
bxc6 bxc6 19. Nc5 Rb8 20. Bc3 Qxa3 21. Qd2 Bxc5 22. Ra1 Qb3 23. dxc5 Qc4 24. Bd4 Rb3 25. Rfc1 Qb5 26. Rxa7 Rd3 27. Qb2 Rb3 28. Qa1 h6 29. Nd2 Rb4 30. Bc3 Rg4 31. h3 Rg6 32. Bd4 f4 33.
Kh2 Qd3 34. Qc3 Qe2 35. Nf3 Rb8 36. Qc2 Qb5 37. Raa1 Re8 38. Rcb1 Qc4 39. Qxc4 dxc4 40. Ra7 Bd5 41. Rab7 Ree6 42. Rxf7 Rxg2+ 43. Kxg2 Rg6+ 44. Kf1 Bxf7 45. e6 Bxe6 46. Ne5 Bxh3+ 47. Ke2 Re6 48.
Kf3 Bf5 49. Rb6 Kh7 50. Kxf4 Rf6 51. Rxc6 Rf8 52. Ke3 Ra8 53. Nxc4 Ra4 54. Ne5 Ra3+ 55. Kf4 Bh3 56. Rc7 Kg8 57. Nc6 g5+ 58. Ke5 Rf3 59. Ne7+ Kf7 60. Nf5+ Kg6 61. Rg7+ Kh5 62. Ng3+ Kg4 63. Rh7 h5 64. Nxh5 Rf5+ 65. Kd6 Bg2 66. Nf6+ Kf4 67. c6 Bxc6 68. Kxc6 g4 69. Rh4 1-0

[Event "Late-Titled-Tuesday-Blitz-February-13-2024"]
[Site "Chess.com"]
[Date "2024.02.13"]
[Round "6"]
[White "BeardedNM"]
[Black "ChadBiryani"]
[Result "1/2-1/2"]
[WhiteElo "2153"]
[BlackElo "2452"]
[TimeControl "180+1"]
[EndTime "15:08:24 PST"]
[Termination "Game drawn - insufficient material"]

1. e4 d5 2. exd5 Qxd5 3. Nc3 Qd6 4. d4 Nf6 5. Nf3 a6 6. g3 b5 7. Bg2 Bb7 8. O-O e6 9. Bf4 Qd8 10. Re1 Be7 11. Ng5 Bxg2 12. Kxg2 O-O 13. a4 b4 14. Nce4 Qd5 15. Qf3 c6 16. Rad1 Nbd7 17. Be5 h6 18. Bxf6 Bxf6 19. Nxf6+ Nxf6 20. Ne4 Nd7 21. c3 Rab8 22. Nd2 bxc3 23. bxc3 Rb2 24. h4 Rfb8 25. Ne4 R8b3 26. Re3 Nb6 27. c4 Qxc4 28. Nd2 Rxe3 29. Nxc4 Rxf3 30. Nxb2 Rb3 31. Rd2 Nd5 32. Nd3 Ra3 33. Ne5 Rxa4 34. Nxc6 Ra3 35. Rc2 Kh7 36. Ne5 f6 37. Nf7 Kg6 38. Nd8 Kf5 39. Re2 e5 40. dxe5 fxe5 41. Nc6 e4 42. Nd4+ Ke5 43. Nc6+ Kd6 44. Nd4 e3 45. Nf5+ Kc5 46.
Nxe3 Nxe3+ 47. fxe3 a5 48. Rc2+ Kd6 49. Rd2+ Ke6 50. Kf3 a4 51. Rb2 Rb3 52. Ra2 a3 53. Rc2 Kd5 54. Rc7 Rb6 55. Ra7 Rb3 56. Rd7+ Kc4 57.
Ra7 Kb4 58. Rxg7 a2 59. Ra7 Ra3 60. Rb7+ Kc3 61. Rc7+ Kd2 62. Rd7+ Kc1 63. Rc7+ Kb2 64. Rb7+ Rb3 65. Ra7 a1=Q 66. Rxa1 Kxa1 67. g4 Kb2 68. g5 hxg5 69. hxg5 Kc3 70. Kf4 Kd3 71. g6 Rb7 72. Kf5 Kxe3 73. Kf6 Kf4 74. g7 Rb6+ 75.
Kf7 Kf5 76. g8=Q Rb7+ 77. Kf8 Rb8+ 78. Kg7 Rxg8+ 79. Kxg8 1/2-1/2

[Event "Late-Titled-Tuesday-Blitz-February-13-2024"]
[Site "Chess.com"]
[Date "2024.02.13"]
[Round "6"]
[White "OK97"]
[Black "Goryachkina"]
[Result "1/2-1/2"]
[WhiteElo "2844"]
[BlackElo "2701"]
[TimeControl "180+1"]
[EndTime "15:08:29 PST"]
[Termination "Game drawn by repetition"]

1. e4 c5 2. Nc3 e6 3. Nge2 Nc6 4. g3 d5 5. exd5 exd5 6. d4 Bg4 7. Bg2 cxd4 8.
Nxd5 Nge7 9. Ndf4 Ng6 10. h3 Nxf4 11. Bxf4 Bb4+ 12. Bd2 Bxd2+ 13. Qxd2 Be6 14. Bxc6+ bxc6 15. Qxd4 Qa5+ 16. b4 Qg5 17. Nf4 O-O 18. Nxe6 fxe6 19. O-O a5 20. a3 Qf5 21. c3 Qxh3 22. Rae1 axb4 23. axb4 Rf6 24. Qe4 Raf8 25. Qxc6 h5 26. Qg2 Qf5 27. Qe4 Qh3 28. Re3 R8f7 29. Qg2 Qf5 30. Qa8+ Kh7 31. Qe4 Rc7 32. Qxf5+ exf5 33. Rb1 f4 34. gxf4 Rxf4 35. b5 Rfc4 36. b6 Rb7 37.
Rb5 h4 38. Kg2 Rc6 39. Re4 Rcxb6 40. Rxh4+ Kg8 41. Rxb6 Rxb6 42. Rc4 Rb2 43. Rc8+ Kf7 44. c4 Rc2 45. Kf3 Kf6 46. Ke3 Ke5 47. f3 Rc3+ 48. Kf2 Kd4 49. Rc7 Rxc4 50. Rxg7 Ke5 51. Rf7 Ke6 52. Rf8 Ke7 53. Rh8 Kf6 54. Kg3 Ra4 55. Rf8+ Ke7 56. Rb8 Kf6 57. Rb7 Kg6 58.
Rb6+ Kf7 59. f4 Ra5 60. Kg4 Rc5 61. Ra6 Rb5 62. Rc6 Ra5 63. Rd6 Rb5 64. f5 Rb1 65. Ra6 Rg1+ 66. Kf4 Rf1+ 67. Ke5 Re1+ 68. Kf4 Rf1+ 69.
Ke5 Re1+ 70. Kf4 Rf1+ 1/2-1/2